 Dungeon Crawl Stone Soup version 0.20.1-1-g8b1a95d (webtiles) character file.

68 Jazqa the Vandal (level 4, 0/30 HPs)
             Began as a Halfling Hunter on Oct 29, 2017.
             Slain by a hound (3 damage)
             ... on level 2 of the Dungeon.
             The game lasted 00:01:39 (1268 turns).

Jazqa the Vandal (Halfling Hunter)                  Turns: 1268, Time: 00:01:40

Health: 0/30       AC:  3    Str: 13 (14) XL:     4   Next: 41%
Magic:  4/4        EV: 14    Int:  7 (9)  God:
Gold:   28         SH:  0    Dex: 11 (14) Spells: 3/3 levels left

rFire    . . .     SeeInvis .   a - +1 hunting sling
rCold    . . .     Gourm    .   (shield restricted)
rNeg     . . .     Faith    .   c - +0 leather armour
rPois    +         Spirit   .   (no helmet)
rElec    .         Reflect  .   (no cloak)
rCorr    .         Harm     .   (no gloves)
MR       .....                  (no boots)
Stlth    +.........             (no amulet)
Regen    0.1/turn               P - ring of poison resistance
MPRegen  0.1/turn               (no ring)

@: confused
A: mutation resistance 1
a: no special abilities


You were on level 2 of the Dungeon.
You were not hungry.

You visited 1 branch of the dungeon, and saw 2 of its levels.

You collected 28 gold pieces.


Innate Abilities, Weirdness & Mutations

You are small and have problems with some larger weapons.
You are somewhat resistant to further mutation.


   Skills:
 + Level 2.4 Fighting
 + Level 6.3 Slings
 + Level 2.9 Dodging
 + Level 2.6 Stealth


You had 3 spell levels left.
You didn't know any spells.

Inventory:

Hand Weapons
 a - a +1 hunting sling (weapon)
 b - a +0 short sword
Missiles
 d - 20 sling bullets
 g - 54 stones (quivered)
Armour
 c - a +0 leather armour (worn)
 r - a +0 pair of boots
 t - a +0 pair of boots
Jewellery
 P - a ring of poison resistance (left hand)
Scrolls
 e - a scroll of teleportation {unknown}
 l - 3 scrolls of immolation {unknown}
 o - a scroll of enchant weapon {unknown}
 u - a scroll of amnesia {unknown}
 v - a scroll of identify {unknown}
Potions
 h - a potion of curing {unknown}
 j - a potion of mutation {!q}
 k - a potion of might {unknown}
 m - a potion of flight {unknown}
 s - a potion of degeneration {!q}
Comestibles
 f - 2 bread rations {@e1}
 n - a fruit {@e2}
 p - 5 chunks of flesh
 q - 2 royal jellies {@e3}

Dungeon Overview and Level Annotations

Branches:
Dungeon (2/15)

Altars:
Ashenzari
Dithmenos
Makhleb

#### ...#####
.......########
###.#.........#####
#..#.#######...@.##
##.##..## #####h.#
...###..## ##.#
....###..##
#....(.#
###...##..#
▒▒.....#
#####.###.#
▒∩⚑....# ......#
#.# ▒▒...(.#
####### #.# .(#.###
# #.# #####


You could see a hound.


Message History

You shoot a stone. The stone misses the hound.
The hound bites you.
* * * LOW HITPOINT WARNING * * *
You are too injured to fight recklessly!
The hound bites you.
* * * LOW HITPOINT WARNING * * *
You are too injured to fight recklessly!
You are too injured to fight recklessly!
Firing (i - inventory. (,) - cycle):
g - 55 stones (quivered)
Press: ? - help, Shift-Dir - straight line, f/p - hound
Aim: a hound (heavily wounded)
You shoot a stone. The stone hits the hound.
The hound is heavily wounded.
The hound bites you.
* * * LOW HITPOINT WARNING * * *
Firing (i - inventory. (,) - cycle):
g - 54 stones (quivered)
Press: ? - help, Shift-Dir - straight line, f/p - hound
Aim: a hound (heavily wounded)
Okay, then.
It was a potion of degeneration.
There was something very wrong with that liquid.
You feel weakened.
You feel dopey.
You feel clumsy. The hound closely misses you. x2
It was a potion of mutation.
You feel extremely strange. The hound bites you.
* * * LOW HITPOINT WARNING * * *
It was a potion of ambrosia.
You are confused.
You feel invigorated. The hound bites you.
* * * LOW HITPOINT WARNING * * *
The hound bites you.
You die...

Skill      XL: |  1  2 |
---------------+-------+-----
Fighting       | 2 |  2.4
Slings         | 6 |  6.3
Stealth        | 2 |  2.6
Dodging        | |  2.9

Action                   |  1- 3 |  4- 6 || total
-------------------------+-------+-------++-------
 Fire: Hunting sling     |   104 |    35 ||   139
  Use: Potion            |       |     3 ||     3
  Eat: Chunk             |       |     1 ||     1
Armor: Leather armour    |     6 |     1 ||     7
Dodge: Dodged            |    16 |     9 ||    25

Vault maps used:
D:1:      dpeg_arrival_circle_labyrinth_a, minmay_strange_pillars
D:2:      makhleb_heckhound_becter, nicolae_overflow_crystal_walls,
          nicolae_ashenzari_panopticon

Notes
Turn   | Place    | Note
-------+----------+-------------------------------------------
     0 | D:1      | Jazqa the Halfling Hunter began the quest for the Orb.
     0 | D:1      | Reached XP level 1. HP: 14/14 MP: 1/1
   203 | D:1      | Reached skill level 2 in Fighting
   203 | D:1      | Reached XP level 2. HP: 19/19 MP: 2/2
   205 | D:1      | Reached skill level 6 in Slings
   442 | D:1      | Reached skill level 2 in Stealth
   651 | D:1      | Reached XP level 3. HP: 24/24 MP: 3/3
   734 | D:2      | Found a shadowy altar of Dithmenos.
   937 | D:2      | Found a shattered altar of Ashenzari.
  1001 | D:2      | Reached XP level 4. HP: 25/30 MP: 4/4
  1254 | D:2      | Found a burning altar of Makhleb.
  1267 | D:2      | HP: 3/30 [hound (3)]
  1268 | D:2      | Slain by a hound

Vanquished Creatures
  2 adders (D:2)
  An ooze (D:2)
  3 worms (D:2)
  3 leopard geckos (D:1)
  6 bats
  3 giant cockroaches
  4 goblins
  2 hobgoblins
  A quokka (D:2)
  A frilled lizard (D:2)
  6 kobolds (D:1)
  5 rats
37 creatures vanquished.
